 Dungeon Crawl Stone Soup version 0.29.0-4-gdea44cf6ec (webtiles) character file.

Game seed: 7916799061413497159

74 qw the Chopper (level 4, 0/36 HPs)
             Began as a Barachi Chaos Knight on Sept 5, 2022.
             Succumbed to an adder's poison
             ... on level 3 of the Dungeon.
             The game lasted 00:01:07 (2089 turns).

qw the Chopper (Barachi Chaos Knight)               Turns: 2089, Time: 00:01:07

Health: 0/36       AC:  7    Str: 16      XL:     4   Next: 28%
Magic:  4/4        EV:  6    Int: 12      God:
Gold:   91         SH:  0    Dex:  7 (9)  Spells: 3/3 levels left

rFire   . . .      SeeInvis .   Y - +0 war axe
rCold   . . .      Faith    .   (no shield)
rNeg    . . .      Spirit   .   l - +0 chain mail
rPois   .          Reflect  .   (no helmet)
rElec   .          Harm     .   b - +2 cloak {Will+}
rCorr   .          Rampage  .   (no gloves)
Will    +....                   (no boots)
Stlth   ..........              (no amulet)
HPRegen 0.12/turn               (no ring)
MPRegen 0.09/turn               (no ring)

@: lethally poisoned (0 -> -1), slow
A: amphibious, slowness 1, strong legs 1, +LOS, clumsy 1, deformed body
a: Hop


You were on level 3 of the Dungeon.
You visited 1 branch of the dungeon, and saw 3 of its levels.

You collected 91 gold pieces.


Innate Abilities, Weirdness & Mutations

You are amphibious.
You cover ground slowly.
You can hop short distances.
You have an extended range of vision and can be seen from far away.
You are clumsy. (Dex -2)
Armour fits poorly on your strangely shaped body.


   Skills:
 - Level 3.6 Fighting
 + Level 5.5 Axes
 - Level 2.4 Armour
 - Level 1.1 Dodging


You had 3 spell levels left.
You didn't know any spells.
Your spell library was empty.

Inventory:

Hand Weapons
 a - a +0 club
 Y - a +0 war axe (weapon)
Armour
 b - a +2 cloak of willpower (worn)
 l - a +0 chain mail (worn)
Scrolls
 d - a scroll of identify {unknown}
Potions
 e - a potion of degeneration {unknown}
 i - a potion of brilliance {unknown}
 j - a potion of heal wounds {unknown}
 n - a potion of might {unknown}
Miscellaneous
 c - a piece from Xom's chessboard (15/15)

Dungeon Overview and Level Annotations

Branches:
Dungeon (3/15)

Altars:
Xom


Message History

You barely miss the adder.
The adder is almost dead.
The adder bites you but does no damage. The adder closely misses you.
You miss the adder. Your punch misses the adder.
The adder is almost dead.
The adder bites you. The adder bites you but does no damage.
You barely miss the adder.
The adder is almost dead.
The adder barely misses you. The adder bites you. x2
You are poisoned.
The adder poisons you!
You miss the adder.
The adder is almost dead.
You feel yourself speed up.
You feel very sick. The adder bites you. x2
You are more poisoned.
The adder poisons you!
You hit the adder.
The adder is almost dead.
You feel very sick. The adder closely misses you. The adder bites you.
You hit the adder but do no damage.
The adder is almost dead.
You feel sick. The adder bites you but does no damage.
You hit the adder.
You kill the adder!
The adder's corpse disappears in a puff of smoke!
You feel sick.
There is a lethal amount of poison in your body!
You feel sick.
There is a lethal amount of poison in your body!
You feel sick.
There is a lethal amount of poison in your body!
You feel sick.
There is a lethal amount of poison in your body!
You feel sick.
There is a lethal amount of poison in your body!
You die...
Xom bursts into laughter!

#...........##.#
#.####'####.##.#
####.#.......#.##.#
..#.#.......#....#
#.#.#..###..#.##.#
##.#.#..+_#..#.##.#
#.%..#..###..#.##.#
#..
#.)#.#.......#..#.#
...
#.@#.#.......#..
##. #..?.## ######
#..#......g
#.#...##### .. .#.#
##. .#.# .. .#.. .#
## ## #.


There were no monsters in sight!

Vanquished Creatures
  2 adders (D:3)
  2 orcs (D:3)
  6 ball pythons
  4 bats
  An endoplasm (D:2)
  A giant cockroach (D:1)
  8 goblins
  5 hobgoblins
  2 jackals (D:1)
  3 kobolds
  4 quokkas
  2 frilled lizards (D:2)
  9 rats
49 creatures vanquished.

Notes
Turn   | Place    | Note
-------+----------+-------------------------------------------
     0 | D:1      | qw the Barachi Chaos Knight began the quest for the Orb.
     0 | D:1      | Reached XP level 1. HP: 18/18 MP: 1/1
     0 | D:1      | 0 ||| qw: Version: 0.1-a-104-g96f76f8
     0 | D:1      | 0 ||| qw: Game counter: 5822
     0 | D:1      | 0 ||| qw: Always use a shield: true
     0 | D:1      | 0 ||| qw: God list: Okawaru
     0 | D:1      | 0 ||| qw: Allow faded altars: false
     0 | D:1      | 0 ||| qw: Do Orc after D:15 true
     0 | D:1      | 0 ||| qw: Do second Lair branch before Depths: true
     0 | D:1      | 0 ||| qw: Lair rune preference: random
     0 | D:1      | 0 ||| qw: Plans: Normal
     0 | D:1      | 0 ||| PLANNING D:1-11
     0 | D:1      | Fell from the grace of Xom
   197 | D:1      | XOM: 6-stop teleportation journey
   202 | D:1      | Reached XP level 2. HP: 24/24 MP: 2/2
   237 | D:1      | 237 ||| SWAPPING to +0 war axe.
   238 | D:1      | 238 ||| DROPPING +0 hand axe of chaos.
   253 | D:1      | Reached skill level 4 in Axes
   661 | D:1      | XOM: scenery: create altars
   784 | D:1      | XOM: stat loss: -1 Str (12/13)
   828 | D:1      | 828 ||| READING scroll labelled LISSOONENI.
   829 | D:1      | 829 ||| READING scroll labelled EROMMI NIPRIOJA.
   861 | D:2      | 861 ||| Stepping ~*~*~tactically~*~*~ (stealth).
   862 | D:2      | 862 ||| Stepping ~*~*~tactically~*~*~ (stealth).
   897 | D:2      | Reached XP level 3. HP: 29/29 MP: 3/3
  1011 | D:2      | 1011 ||| Stepping ~*~*~tactically~*~*~ (stealth).
  1018 | D:2      | XOM: give mutation
  1018 | D:2      | Gained mutation: You are clumsy. (Dex -2) [Xom's mischief]
  1112 | D:2      | 1112 ||| Stepping ~*~*~tactically~*~*~ (stealth).
  1116 | D:2      | 1116 ||| Stepping ~*~*~tactically~*~*~ (stealth).
  1122 | D:2      | 1122 ||| Stepping ~*~*~tactically~*~*~ (stealth).
  1290 | D:2      | 1290 ||| Stepping ~*~*~tactically~*~*~ (stealth).
  1295 | D:2      | 1295 ||| Stepping ~*~*~tactically~*~*~ (stealth).
  1307 | D:2      | Reached skill level 5 in Axes
  1344 | D:2      | XOM: summons 3 hostile demons
  1353 | D:2      | HP: 6/29 [quasit[Xom] (2)]
  1354 | D:2      | 1354 ||| READING scroll of teleportation.
  1410 | D:2      | XOM: give mutation
  1410 | D:2      | Gained mutation: Armour fits poorly on your strangely
                  | shaped body. [Xom's mischief]
  1658 | D:2      | 1658 ||| UPGRADING to +0 ring mail.
  1668 | D:2      | 1668 ||| DROPPING +2 leather armour.
  1669 | D:2      | 1669 ||| UPGRADING to +0 chain mail.
  1679 | D:2      | 1679 ||| DROPPING +0 ring mail.
  1680 | D:2      | 1680 ||| READING scroll labelled EBUERO OBOOHI.
  1681 | D:2      | 1681 ||| READING scroll labelled ULIKHY HEOPH.
  1682 | D:2      | 1682 ||| READING scroll labelled LUMAOFU CAHO.
  1683 | D:2      | 1683 ||| READING scroll labelled HENLA CEUC.
  1683 | D:2      | Identified a scroll of acquirement
  1683 | D:2      | 1683 ||| ACQUIRING +2 cloak of willpower
  1683 | D:2      | Acquired a +2 cloak of willpower
  1685 | D:2      | 1685 ||| UPGRADING to +2 cloak of willpower.
  1690 | D:2      | 1690 ||| DRINKING 2 amethyst potions.
  1691 | D:2      | 1691 ||| DROPPING potion of attraction.
  1748 | D:3      | 1748 ||| Stepping ~*~*~tactically~*~*~ (stealth).
  1749 | D:3      | 1749 ||| Stepping ~*~*~tactically~*~*~ (stealth).
  1764 | D:3      | 1764 ||| Stepping ~*~*~tactically~*~*~ (stealth).
  1766 | D:3      | 1766 ||| Stepping ~*~*~tactically~*~*~ (stealth).
  1768 | D:3      | 1768 ||| Stepping ~*~*~tactically~*~*~ (stealth).
  1861 | D:3      | Reached XP level 4. HP: 36/36 MP: 4/4
  1889 | D:3      | XOM: 2-stop teleportation journey
  1914 | D:3      | 1914 ||| Stepping ~*~*~tactically~*~*~ (stealth).
  1916 | D:3      | 1916 ||| Stepping ~*~*~tactically~*~*~ (stealth).
  1939 | D:3      | Found a faded altar of an unknown god.
  1970 | D:3      | 1970 ||| Stepping ~*~*~tactically~*~*~ (stealth).
  1971 | D:3      | 1971 ||| Stepping ~*~*~tactically~*~*~ (stealth).
  1972 | D:3      | 1972 ||| Stepping ~*~*~tactically~*~*~ (stealth).
  1973 | D:3      | 1973 ||| Stepping ~*~*~tactically~*~*~ (stealth).
  1974 | D:3      | 1974 ||| Stepping ~*~*~tactically~*~*~ (stealth).
  1975 | D:3      | 1975 ||| Stepping ~*~*~tactically~*~*~ (stealth).
  1976 | D:3      | 1976 ||| Stepping ~*~*~tactically~*~*~ (stealth).
  1979 | D:3      | 1979 ||| Stepping ~*~*~tactically~*~*~ (stealth).
  1982 | D:3      | 1982 ||| Stepping ~*~*~tactically~*~*~ (stealth).
  1984 | D:3      | 1984 ||| Stepping ~*~*~tactically~*~*~ (stealth).
  2073 | D:3      | XOM: summons 2 hostile shadow creatures
  2082 | D:3      | HP: 9/36 [poisoned by an adder]
  2084 | D:3      | HP: 4/36 [poisoned by an adder]
  2088 | D:3      | HP: 1/36 [poisoned by an adder]
  2089 | D:3      | Succumbed to an adder's poison

Levels and vault maps discovered:
D:1:      roderic_crossed_star, layout_basic, minmay_misc_feat_doors,
          minivault_24
D:2:      layout_rooms
D:3:      layout_loops_ring, hellmonk_ecumenical_altar_inner_sanctum

Skill      XL: |  1  2  3 |
---------------+----------+-----
Axes           | 4 5 |  5.5
Fighting       | |  3.6
Armour         | |  2.4
Dodging        | |  1.1

Action                   |  1- 3 |  4- 6 || total
-------------------------+-------+-------++-------
Melee: Hand axe          |    14 |       ||    14
       War axe           |   114 |    44 ||   158
       Punch             |     1 |       ||     1
Invok: Renounce Religion |     1 |       ||     1
  Use: Scroll            |     7 |       ||     7
       Potion            |     1 |       ||     1
 Stab: Sleeping          |     1 |       ||     1
Armor: Leather armour    |    61 |       ||    61
       Chain mail        |     6 |    27 ||    33
Dodge: Dodged            |    88 |    13 ||   101

Table legend:
 A = Non-vault XP
 B = Vault XP
 C = Vault XP percentage of total XP
 D = Non-vault monster count
 E = Vault monster count
 F = Vault count percentage of total count
                 A         B        C        D         E       F
            +---------+---------+-------+---------+---------+-------
      Total |     106 |       0 |   0.0 |      49 |       0 |   0.0
            +---------+---------+-------+---------+---------+-------
        D:1 |      32 |       0 |   0.0 |      18 |       0 |   0.0
        D:2 |      31 |       0 |   0.0 |      20 |       0 |   0.0
        D:3 |      43 |       0 |   0.0 |      11 |       0 |   0.0
            +---------+---------+-------+---------+---------+-------
